 Dungeon Crawl Stone Soup version 0.30.1-4-g462c640d31 (webtiles) character file.

Game seed: 9257996787223219730

2499 Nick1 the Cleaver (level 9, 0/66 (71) HPs)
             Began as a Formicid Fighter on Sept 12, 2023.
             Was a Believer of Okawaru.
             Slain by a wight
             ... wielding a +3 great sword
              (2 damage)
             ... on level 7 of the Dungeon.
             The game lasted 00:21:17 (5163 turns).

Nick1 the Cleaver (Formicid Fighter)                Turns: 5163, Time: 00:21:17

HP:   0/66 (71)     AC: 14    Str: 25    XL:     9   Next: 82%
MP:   9/9           EV:  6    Int:  8    God:    Okawaru [**....]
Gold: 506           SH: 10    Dex: 13    Spells: 8/8 levels left

rFire   . . .        a - +0 war axe
rCold   . . .        v - +0 kite shield
rNeg    . . .        j - +0 plate armour
rPois   +            (helmet unavailable)
rElec   .            (no cloak)
rCorr   .            p - +0 pair of gloves
SInv    +            (no boots)
Will    .....        (no amulet) Stlth
                     t - ring of poison resistance
HPRegen 0.31/turn    (no ring)
MPRegen 0.11/turn

%: no passive effects
@: mighty, drained
A: permanent stasis, dig shafts and tunnels, antennae 3, four strong arms
a: Dig, Shaft Self, Renounce Religion, Heroism


You were on level 7 of the Dungeon.
You worshipped Okawaru.
Okawaru was pleased with you.
You visited 1 branch of the dungeon, and saw 7 of its levels.
You also visited: Ossuary.

You collected 506 gold pieces.

Inventory:

Hand Weapons
 a - a +0 war axe (weapon)
Armour
 b - a +0 scale mail
 c - a +0 buckler
 j - a +0 plate armour (worn)
 p - a +0 pair of gloves (worn)
 v - a +0 kite shield (worn)
Jewellery
 t - a ring of poison resistance (left hand)
Wands
 n - a wand of quicksilver (12)
 w - a wand of flame (5)
 x - a wand of polymorph (21)
 y - a wand of mindburst (15)
 E - a wand of digging (9)
 G - a wand of paralysis (5)
Scrolls
 e - 2 scrolls of fear
 f - 2 scrolls of immolation
 l - a scroll of amnesia {unknown}
 q - 2 scrolls of poison {unknown}
 s - a scroll of vulnerability {unknown}
 u - a scroll of blinking {unknown}
 A - a scroll of magic mapping {unknown}
Potions
 d - 3 potions of might
 g - 3 potions of attraction
 h - 4 potions of brilliance
 i - 4 potions of flight
 k - 4 potions of curing
 m - a potion of mutation {unknown}
 o - 2 potions of invisibility
 r - a potion of ambrosia {unknown}
 z - 3 potions of haste {unknown}
 B - a potion of resistance
 C - a potion of lignification {unknown}
 D - 2 potions of degeneration {unknown}
 F - a potion of heal wounds {unknown}


   Skills:
 * Level 6.5 Fighting
 * Level 9.2 Axes
 * Level 6.3 Armour
 + Level 0.1 Dodging
 * Level 7.8 Shields


You had 8 spell levels left.
You didn't know any spells.
Your spell library contained the following spells:

 Spells                   Type           Power      Damage    Failure   Level
 Magic Dart               Conj           0%         1d3       100%        1
 Necrotise                Necr           0%         1d4       100%        1
 Mephitic Cloud           Conj/Pois/Air  0%         N/A       100%        3
 Vampiric Draining        Necr           0%         2d6       100%        3
 Agony                    Necr           0%         N/A       100%        5
 Summon Small Mammal      Summ           Unusable   N/A       N/A         1
 Call Imp                 Summ           Unusable   N/A       N/A         2
 Call Canine Familiar     Summ           Unusable   N/A       N/A         3
 Summon Guardian Golem    Hex/Summ       Unusable   N/A       N/A         3

Dungeon Overview and Level Annotations

Branches:
Dungeon (7/15)             Temple (0/1) D:5         Ossuary (visited)

Altars:
Nemelex Xobeh
Okawaru
Vehumet

Annotations:
D:5 2 transporters, 2 runed translucent doors, Pyropingo's ghost, novice MiBe


Innate Abilities, Weirdness & Mutations

You cannot be hasted, slowed, berserked, paralysed or teleported.
You can dig through walls and to a lower floor.
You have a pair of large antennae on your head. (SInv)
Your four strong arms can wield two-handed weapons with a shield.


Message History

The gnoll closely misses you. You block the wight's attack.
The wight barely misses you.
The gnoll bouda hits you but does no damage.
You slice the gnoll!!
You kill the gnoll!
Okawaru accepts your kill.
You slash the gnoll bouda! You barely miss the wight.
The wight hits you from afar with a +2 trident of freezing!
* * * LOW HITPOINT WARNING * * *
The wight freezes you.
* * * LOW HITPOINT WARNING * * *
The gnoll bouda barely misses you. The wight hits you but does no damage.
You slash the wight!
The wight is heavily damaged.
You slash the gnoll bouda!
You kill the gnoll bouda!
Okawaru accepts your kill.
You slash the wight! You block the wight's attack. The wight barely misses you.
You block the wight's attack.
You closely miss the wight.
The wight is heavily damaged.
You hit the wight.
The wight hits you with a +3 great sword!
* * * LOW HITPOINT WARNING * * *
You block the wight's attack. x2
Unknown command.
You feel better.
The wight hits you with a +3 scimitar of freezing.
* * * LOW HITPOINT WARNING * * *
You feel drained.
* * * LOW HITPOINT WARNING * * *
The wight freezes you.
* * * LOW HITPOINT WARNING * * *
You block the wight's attack.
You see here a +0 whip.
The wight attacks as you move away!
The wight hits you with a +3 great sword!
* * * LOW HITPOINT WARNING * * *
You feel drained.
You die...

#.....### ....#
....#...########....#
.....##.............#
.)............##....#
...##......#####....#
......#.##.### #....#
.............###....#
.................##
...##........###@)####.#.
...#####........zzz......
...# ##..#####)))(....# #
#..... #.......)#
#..^.... ........##
#####........####.#...##
...#...##.##.# #.##...#
......## ... .(...
..###..+ .♣. .#...


You could see 3 wights.

Vanquished Creatures
  Grinder (D:4)
  A wyvern (D:7)
  A steam dragon (D:7)
  2 water moccasins (D:5)
  2 black bears
  A sky beast (D:7)
  A centaur (D:5)
  A bullfrog (D:6)
  2 elf zombies (Ossuary)
  5 scorpions
  A gnoll sergeant (D:5)
  2 jellies
  4 orc priests
  2 centaur zombies (Ossuary)
  5 hounds
  A gnoll bouda (D:7)
  5 iguanas
  2 orc wizards
  2 mummies (Ossuary)
  4 adders
  13 gnolls
  A white imp (D:6)
  An ufetubus (D:6)
  3 adder zombies (Ossuary)
  2 worms
  4 dart slugs
  14 orcs
  9 ball pythons
  7 endoplasms
  2 giant cockroaches
  6 goblins
  3 hobgoblins
  3 jackals (D:4)
  2 quokkas
  6 bats
  3 frilled lizards (D:3)
  2 goblin zombies (Ossuary)
  10 hobgoblin zombies (Ossuary)
  A jackal zombie (Ossuary)
  5 kobolds
  10 kobold zombies (Ossuary)
  7 orc zombies (Ossuary)
  4 rats
163 creatures vanquished.

Notes
Turn   | Place    | Note
-------+----------+-------------------------------------------
     0 | D:1      | Nick1 the Formicid Fighter began the quest for the Orb.
     0 | D:1      | Reached XP level 1. HP: 18/18 MP: 1/1
   122 | D:1      | Reached XP level 2. HP: 24/24 MP: 2/2
   512 | D:1      | Reached XP level 3. HP: 29/29 MP: 3/3
   942 | D:2      | Reached XP level 4. HP: 36/37 MP: 4/4
  1135 | D:3      | Reached skill level 3 in Axes
  1217 | D:3      | Reached XP level 5. HP: 17/42 MP: 5/5
  1337 | D:3      | Found a sparkling altar of Nemelex Xobeh.
  1606 | D:3      | Reached skill level 4 in Axes
  1606 | D:3      | Reached skill level 5 in Shields
  1606 | D:3      | Reached XP level 6. HP: 19/48 MP: 6/6
  1766 | D:4      | Found an iron altar of Okawaru.
  1789 | D:4      | Noticed Grinder
  1874 | D:4      | Killed Grinder
  1875 | D:4      | Reached skill level 5 in Axes
  1875 | D:4      | Reached XP level 7. HP: 18/55 MP: 7/7
  2050 | D:4      | Found a radiant altar of Vehumet.
  2249 | D:4      | Became a worshipper of Warmaster Okawaru
  2583 | D:5      | Entered Level 5 of the Dungeon
  2601 | D:5      | Reached skill level 6 in Axes
  2715 | D:5      | Reached XP level 8. HP: 40/61 MP: 8/8
  2826 | D:5      | Found a staircase to the Ecumenical Temple.
  2842 | D:5      | Reached skill level 5 in Armour
  2853 | D:5      | Reached skill level 5 in Fighting
  2972 | D:5      | Reached skill level 7 in Axes
  3464 | D:5      | Found a transporter.
  3584 | D:5      | Reached * piety under Okawaru
  3597 | D:5      | Found a runed translucent door.
  3600 | D:5      | Noticed Pyropingo's ghost (novice MiBe)
  3669 | D:5      | Found a transporter.
  3673 | D:5      | Noticed a fire bat
  3673 | D:5      | Noticed a fire bat
  3698 | D:5      | Found a runed translucent door.
  3822 | D:6      | Reached XP level 9. HP: 69/69 MP: 9/9
  4103 | D:6      | Reached skill level 8 in Axes
  4700 | D:7      | Reached ** piety under Okawaru
  4746 | D:7      | Found a sand-covered staircase.
  4751 | Ossuary  | Entered an ossuary
  5023 | Ossuary  | Reached skill level 9 in Axes
  5163 | D:7      | HP: 2/68 [wight/+3 great sword (10)]
  5163 | D:7      | Slain by a wight

Illustrated notes

Levels and vault maps discovered:
D:1:      dpeg_arrival_simpleton_a, layout_loops_ring
D:2:      layout_rooms, minmay_gold_behind_fungi
D:3:      layout_rooms, nemelex_spade_bored_becter, roderic_serpentine_path,
          wander_ebering_terrifying_dragon_lair
D:4:      wad_lake_hut, layout_rooms, vehumet_altar_wand_db,
          okawaru_ov_weapons_minmay, uniq_grinder
D:5:      gammafunk_cloud_chamber, layout_basic, minmay_temple_entry_slanted,
          ebering_ghost_sewer_f, minmay_strange_pillars,
          hangedman_abyss_or_decor_slice
D:6:      layout_basic
D:7:      layout_rooms, enter_ossuary_5, grunt_ministairs_13,
          minmay_statues_item, pf_guarded_unrand_meek

Skill      XL: |  1  2  3  4  5  6  7  8  9 |
---------------+----------------------------+-----
Axes           | 3 4 5 6 7 9 |  9.2
Fighting       | 4 5 6 |  6.5
Armour         | 4 5 6 |  6.3
Shields        | 5 6 7 |  7.8
Dodging        | |  0.1

Action                     |  1- 3 |  4- 6 |  7- 9 || total
---------------------------+-------+-------+-------++-------
  Melee: War axe           |    84 |   105 |   319 ||   508
Ability: Dig               |     1 |       |       ||     1
    Use: Scroll            |     1 |     3 |     5 ||     9
         Potion            |       |     1 |     2 ||     3
 Armour: Scale mail        |    16 |       |       ||    16
         Plate armour      |    31 |    39 |   189 ||   259
  Dodge: Dodged            |    30 |    25 |    83 ||   138
  Block: Buckler           |    16 |    32 |       ||    48
         Kite shield       |       |       |   185 ||   185
